Map: Ephemeron LE

Players

mindkind

  • Race: Terran Terran
  • League: Silver
  • Spawn Location: 5:00

Ratl - Winner!

  • Race: Protoss Protoss
  • League: Silver
  • Spawn Location: 11:00

VOD

Have the link to the VOD?

Description

Time

  • Played on: Feb. 4, 2020, 2:25 a.m.
  • Length: 9:48
Show
View Real Time Build Order
Export as new Build Order

mindkind Terran 

Build Orders:  

Get SALT Encoding   

  12  0:05  SCV  
  13  0:20  SCV  
  13  0:21  Supply Depot  
  14  0:44  Barracks  
  14  0:46  SCV  
  15  1:00  SCV  
  15  1:01  Supply Depot  
  16  1:05  Refinery  
  16  1:13  SCV  
  17  1:26  Barracks  
  17  1:36  Orbital Command  
  17  1:42  Marine  
  18  2:07  Marine  
  19  2:11  SCV  
  20  2:16  Marine  
  21  2:23  SCV  
  21  2:24  Refinery  
  21  2:25  Marine  
  23  2:34  Marine, Refinery  
  23  2:35  SCV  
  25  2:43  Marine, Factory  
  26  2:47  SCV  
  27  2:52  Marine, Engineering Bay  
  27  2:58  Supply Depot  
  28  2:59  SCV  
  28  3:00  Marine  
  30  3:10  Marine  
  31  3:19  SCV  
  32  3:21  Supply Depot  
  32  3:30  Marine x2  
  32  3:31  SCV  
  32  3:33  Factory Tech Lab  
  35  3:47  Barracks  
  35  3:48  Marine x2  
  35  3:52  Siege Tank  
  40  4:14  Barracks Reactor  
  40  4:21  Barracks Reactor  
  40  4:22  Supply Depot  
  40  4:31  Siege Tank  
  40  4:35  SCV  
  44  4:45  Supply Depot  
  44  4:48  SCV, Barracks Reactor  
  45  5:00  SCV  
  46  5:12  SCV  
  47  5:23  Command Center  
  46  5:29  Barracks Tech Lab  
  46  5:31  Marine  
  46  5:32  Marine x3  
  50  5:38  Siege Tank  
  53  5:45  SCV  
  53  5:49  Marine x4  
  55  5:57  SCV  
  59  6:00  Supply Depot, Refinery  
  59  6:04  Supply Depot  
  59  6:07  Marine x4  
  59  6:08  Supply Depot  
  63  6:22  Marine, SCV  
  63  6:24  Marine  
  63  6:25  Marine x3  
  69  6:26  Combat Shield  
  69  6:34  SCV  
  69  6:36  Refinery  
  69  6:39  Marine  
  70  6:42  Marine  
  70  6:43  Marine x3  
  70  6:46  SCV  
  70  6:47  Orbital Command  
  76  6:57  Marine  
  76  6:58  SCV, Terran Infantry Weapons Level 1  
  76  7:00  Marine  
  76  7:01  Marine  
  80  7:09  Marine, Supply Depot  
  80  7:10  Marine, SCV  
  80  7:11  Supply Depot  
  80  7:15  Marine  
  84  7:18  Marine  
  86  7:22  SCV  
  86  7:28  Supply Depot  
  86  7:30  Supply Depot, Missile Turret  
  86  7:35  Siege Tank  
  86  7:37  Marine x5  
  94  7:54  Marine  
  95  8:07  Marine  
  95  8:08  Marine x3  
  95  8:12  Marine  
  100  8:25  Marine  
  100  8:26  Marine x3  
  104  8:30  Marine  
  74  8:43  Marine x4  
  74  8:48  Marine  
  65  8:59  Siege Tank  
  65  9:01  Marine x4  
  72  9:06  Marine  
  72  9:07  SCV  
  72  9:09  Starport  
  74  9:11  SCV  
  74  9:14  Starport  
  72  9:19  Marine x4, SCV  
  72  9:23  SCV  
  72  9:24  Marine  
  60  9:31  SCV  
  60  9:35  SCV  
Show
View Real Time Build Order
Export as new Build Order

Ratl Protoss - Winner!

Build Orders: Chargelot Immortal 

Get SALT Encoding   

  12  0:01  Probe  
  13  0:13  Probe  
  14  0:19  Pylon  
  14  0:25  Probe  
  15  0:40  Probe  
  16  0:46  Gateway  
  16  0:50  Assimilator  
  16  0:52  Probe  
  17  1:04  Probe  
  18  1:16  Probe  
  19  1:28  Probe  
  19  1:29  Gateway  
  20  1:33  Cybernetics Core  
  20  1:40  Probe, Pylon  
  21  1:50  Assimilator  
  21  1:52  Probe (Chrono Boost)  
  23  2:02  Probe (Chrono Boost)  
  23  2:07  Probe (Chrono Boost)  
  23  2:08  Warp Gate (Chrono Boost)  
  23  2:14  Stalker  
  26  2:18  Stalker  
  29  2:22  Probe  
  29  2:35  Probe  
  29  2:36  Pylon  
  30  2:47  Probe  
  31  2:54  Nexus  
  31  2:59  Probe  
  31  3:05  Stalker  
  34  3:09  Stalker  
  34  3:11  Probe  
  37  3:23  Probe  
  37  3:25  Pylon  
  38  3:35  Probe  
  39  3:47  Probe  
  40  3:59  Probe  
  40  4:00  Gateway  
  40  4:01  Robotics Facility  
  41  4:05  Forge  
  41  4:13  Twilight Council  
  41  4:14  Stalker x2  
  41  4:15  Probe (Chrono Boost)  
  47  4:20  Probe (Chrono Boost)  
  47  4:26  Probe (Chrono Boost)  
  47  4:29  Probe (Chrono Boost)  
  47  4:30  Probe (Chrono Boost)  
  49  4:35  Protoss Ground Weapons Level 1 (Chrono Boost)  
  50  4:39  Probe  
  50  4:42  Assimilator  
  51  4:50  Probe  
  51  4:51  Probe  
  53  5:02  Probe, Assimilator  
  53  5:03  Probe  
  53  5:04  Charge  
  55  5:10  Immortal, Dark Shrine  
  59  5:28  Probe x2  
  61  5:40  Probe  
  62  5:49  Pylon  
  62  5:59  Pylon  
  62  6:02  Pylon  
  62  6:04  Pylon  
  62  6:05  Pylon  
  62  6:06  Pylon x2  
  62  6:07  Probe x2, Observer  
  65  6:13  Stalker x2  
  69  6:28  Immortal, Nexus  
  73  6:36  Protoss Ground Weapons Level 2 (Chrono Boost), Probe x2  
  75  6:48  Probe  
  75  6:49  Probe  
  77  6:56  Zealot  
  77  6:57  Zealot x2  
  83  7:07  Immortal  
  87  7:14  Robotics Facility  
  87  7:17  Gateway  
  87  7:19  Gateway, Dark Templar x3  
  87  7:21  Gateway  
  93  7:24  Pylon  
  93  7:32  Probe x2, Forge  
  93  7:34  Pylon  
  95  7:44  Probe  
  95  7:45  Probe  
  95  7:47  Observer  
  98  7:54  Robotics Facility  
  98  8:07  Warp Prism  
  100  8:14  Assimilator  
  100  8:16  Assimilator  
  100  8:18  Immortal  
  104  8:21  Zealot x3  
  104  8:22  Zealot x3  
  92  8:44  Immortal  
  92  8:46  Zealot x4  
  92  8:47  Zealot x2  
  106  9:06  Probe x3  
  105  9:18  Probe  
  105  9:20  Stalker x2  
  105  9:21  Zealot x4  
Tags
 
Add a new tag
Caveats
  • Supply blocks, unpowered buildings, or Contaminate may cause inaccurate times.
  • Supply counts are checked every 10 seconds.